 Dungeon Crawl Stone Soup version 0.28.0-45-g0d030f2227 (webtiles) character file.

Game seed: 1621835601029427607

13349 sking99 the Brawler (level 11, -4/92 (104) HPs)
             Began as a Troll Monk on May 18, 2022.
             Was an Initiate of Gozag.
             Killed from afar by Nergalle (44 damage)
             ... with a bolt of negative energy
             ... on level 1 of the Lair of Beasts.
             The game lasted 00:18:50 (8992 turns).

sking99 the Brawler (Troll Monk)                    Turns: 8992, Time: 00:18:51

HP:   -4/92 (104)   AC: 11    Str: 25    XL:     11   Next: 74%
MP:   10/10         EV:  9    Int:  6    God:    Gozag
Gold: 2748          SH: 10    Dex: 12    Spells: 10/10 levels left

rFire   . . .      SeeInvis +     - Unarmed
rCold   . . .      Faith    .   f - +1 kite shield
rNeg    . . .      Spirit   .   D - +1 steam dragon scales
rPois   +          Reflect  .   v - +2 hat {SInv}
rElec   .          Harm     .   N - +0 cloak
rCorr   .          Rampage  .   (gloves unavailable)
Will    .....                   (boots unavailable)
Stlth   ++........              j - amulet of regeneration
HPRegen 1.85/turn               c - +4 ring of slaying
MPRegen 0.12/turn               t - ring of poison resistance

@: heavily drained
A: large, unfitting armour, claws 3, regeneration 1, shaggy fur 1, tough skin 1
a: Renounce Religion, Potion Petition, Call Merchant, Bribe Branch


You were on level 1 of the Lair of Beasts.
You worshipped Gozag.
Gozag was most pleased with you.
You visited 3 branches of the dungeon, and saw 12 of its levels.

You collected 3397 gold pieces.
You spent 120 gold pieces at shops.
You paid 529 gold pieces to Gozag.

Inventory:

Missiles
 a - 13 boomerangs (quivered)
 y - 5 throwing nets
 I - 2 javelins
 K - a curare-tipped dart
 L - 7 poisoned darts
 M - 4 atropa-tipped darts
Armour
 f - a +1 kite shield (worn)
 v - a +2 hat of see invisible (worn)
 D - +1 steam dragon scales (worn)
 N - a +0 cloak (worn)
Jewellery
 c - a +4 ring of slaying (left claw)
 e - an amulet of guardian spirit
 i - an amulet of magic regeneration
 j - an amulet of regeneration (around neck)
 l - a +6 ring of intelligence
 o - a +6 ring of strength
 p - a ring of fire
 t - a ring of poison resistance (right claw)
 u - a +6 ring of strength
Wands
 n - a wand of digging (6)
 w - a wand of iceblast (23)
Scrolls
 d - 2 scrolls of brand weapon
 E - a scroll of fog
 G - a scroll of enchant armour
 H - a scroll of vulnerability
 J - a scroll of fear
Potions
 b - a potion of flight
 g - 4 potions of mutation
 h - a potion of curing
 m - 2 potions of invisibility
 q - 2 potions of might
 s - 4 potions of cancellation
 x - 3 potions of lignification
 z - 3 potions of heal wounds
 A - a potion of attraction
 B - 2 potions of ambrosia {unknown}
 C - a potion of brilliance {unknown}
 F - 2 potions of berserk rage


   Skills:
 + Level 5.5 Fighting
 + Level 3.5 Throwing
 - Level 2.8 Dodging
 - Level 1.3 Stealth
 - Level 7.6 Shields
 * Level 15.0 Unarmed Combat


You had 10 spell levels left.
You didn't know any spells.
Your spell library contained the following spells:

 Spells                   Type           Power      Damage    Failure   Level
 Animate Skeleton         Necr           0%         N/A       69%         1
 Apportation              Tloc           0%         N/A       69%         1
 Summon Small Mammal      Summ           0%         N/A       69%         1
 Ozocubu's Armour         Ice            0%         N/A       96%         3
 Tukima's Dance           Hex            0%         N/A       96%         3
 Anguish                  Hex/Necr       0%         N/A       100%        4
 Blade Hands              Tmut           0%         N/A       100%        5
 Fireball                 Conj/Fire      0%         3d3       100%        5
 Irradiate                Conj/Tmut      0%         3d14      100%        5
 Iskenderun's Battlesphe  Conj           0%         2d6       100%        5
 Conjure Ball Lightning   Conj/Air       0%         3x3d6     100%        6
 Dragon Form              Tmut           0%         N/A       100%        7
 Enfeeble                 Hex            0%         N/A       100%        7
 Orb of Destruction       Conj           0%         9d5       100%        7
 Ozocubu's Refrigeration  Ice            0%         4d5       100%        7


Dungeon Overview and Level Annotations

Branches:
Dungeon (10/15)            Temple (1/1) D:4            Lair (1/6) D:9
    Orc (0/2) D:10

Altars:
Ashenzari
Cheibriados
Dithmenos
Elyvilon
Fedhas
Gozag
Hepliaklqana
Makhleb
Nemelex Xobeh
Okawaru
Qazlal
Ru
Sif Muna
Trog
Uskayaw
Vehumet
Wu Jian
Yredelemnul
Zin
The Shining One
Beogh

Shops:
D:5 (   D:8 ?   D:10 !

Annotations:
D:9 2 runed translucent doors
D:10 2 transporters, Seraphu's ghost, journeyman VSBr
Lair:1 Nergalle


Innate Abilities, Weirdness & Mutations

You are too large for most types of armour.
You have claws for hands.
Your natural rate of healing is unusually fast.
You are covered in fur. (AC +1)
You have tough skin. (AC +1)


Message History

You scratch Nergalle but do no damage.
The spectral orc warrior closely misses you.
You block the spectral orc knight's attack.
Nergalle casts a spell at you. The bolt of negative energy hits you!!
You feel drained.
The bolt of negative energy hits the spectral orc knight.
The spectral orc knight completely resists.
The bolt of negative energy hits the spectral orc warrior.
The spectral orc warrior completely resists.
You scratch Nergalle but do no damage.
You block the spectral orc warrior's attack.
You block the spectral orc knight's attack.
Nergalle hits you but does no damage.
You barely miss Nergalle.
The spectral orc warrior hits you but does no damage.
The spectral orc knight hits you with a +0 battleaxe!
Nergalle barely misses you.
You closely miss Nergalle.
You block the spectral orc warrior's attack.
The spectral orc knight hits you but does no damage.
Nergalle hits you but does no damage.
You closely miss Nergalle.
You block the spectral orc warrior's attack.
You mangle Nergalle!!
Nergalle is heavily wounded.
You block the spectral orc knight's attack.
Nergalle hits you with a +0 dagger.
You scratch Nergalle but do no damage.
Nergalle is heavily wounded.
The spectral orc warrior hits you with a +0 flail.
You block the spectral orc knight's attack.
Nergalle hits you but does no damage.
You scratch Nergalle but do no damage.
Nergalle is heavily wounded.
The spectral orc warrior hits you with a +0 flail.
The spectral orc knight hits you with a +0 battleaxe!!
Nergalle gestures at you while chanting.
The bolt of negative energy hits you!!!
You feel drained.
You die...
Your body crumbles into a pile of gold.

#.......
#.....P######......
#...........#......
#.....#.....#......
#.....#............
##.....#............
#...<..#............
###.....#.#.#........
............ZZ@o......
..............Z........
..............(........
.......................
.P####.................
.. #......######.....
....>.... .....
.P....#... .....


You could see Nergalle, 2 spectral orc warriors and a spectral orc knight
(summoned).

Vanquished Creatures
  Harold (D:9)
  A boulder beetle (D:9)
  5 two-headed ogres
  A gargoyle (D:9)
  Maggie (D:6)
  A troll (D:9)
  Grinder (D:3)
  A spriggan (D:8)
  Sigmund (D:5)
  Eustachio (D:5)
  18 yaks
  Menkaure (D:6)
  A steam dragon (D:8)
  Edmund (D:6)
  3 sky beasts
  6 orc warriors
  2 necrophages
  2 black bears
  2 wolves (D:9)
  2 ogres
  6 centaurs
  2 kobold brigands (D:6)
  A bullfrog (D:9)
  A wyvern skeleton (D:5)
  7 wights (D:8)
  10 killer bees
  3 howler monkeys (D:7)
  8 electric eels
  A bullfrog zombie (D:5)
  A centaur zombie (D:4)
  6 orc priests
  2 jellies
  2 centaur skeletons
  11 hounds
  A gnoll shaman (D:7)
  3 iguanas
  A scorpion zombie (D:4)
  12 orc wizards
  2 howler monkey zombies
  10 gnolls
  12 adders
  4 white imps
  An adder skeleton (D:4)
  A worm (D:3)
  3 dart slugs
  55 orcs
  9 ball pythons
  4 endoplasms
  2 giant cockroaches (D:1)
  4 goblins
  5 hobgoblins
  2 jackals (D:1)
  3 quokkas
  4 bats
  5 frilled lizards
  9 kobolds
  3 rats
268 creatures vanquished.

Vanquished Creatures (others)
  7 plants
7 creatures vanquished.

Grand Total: 275 creatures vanquished

Notes
Turn   | Place    | Note
-------+----------+-------------------------------------------
     0 | D:1      | sking99 the Troll Monk began the quest for the Orb.
     0 | D:1      | Reached XP level 1. HP: 22/22 MP: 0/0
   148 | D:1      | Reached XP level 2. HP: 27/29 MP: 1/1
   272 | D:1      | Found a faded altar of an unknown god.
   741 | D:2      | Reached XP level 3. HP: 33/36 MP: 2/2
  1595 | D:2      | Reached XP level 4. HP: 42/44 MP: 3/3
  1694 | D:3      | Reached skill level 4 in Unarmed Combat
  1836 | D:3      | Noticed Grinder
  1851 | D:3      | Killed Grinder
  1852 | D:3      | Reached skill level 5 in Unarmed Combat
  1852 | D:3      | Reached XP level 5. HP: 34/54 MP: 4/4
  1852 | D:3      | Reached XP level 6. HP: 39/62 MP: 5/5
  2108 | D:4      | Found a glowing silver altar of Zin.
  2108 | D:4      | Found a white marble altar of Elyvilon.
  2108 | D:4      | Found a glowing golden altar of the Shining One.
  2128 | D:4      | Identified a scroll of acquirement
  2128 | D:4      | Acquired 1166 gold pieces
  2295 | D:4      | Found a staircase to the Ecumenical Temple.
  2306 | Temple   | Entered the Ecumenical Temple
  2400 | Temple   | Became a worshipper of Gozag Ym Sagoz the Greedy
  2464 | D:4      | Reached skill level 6 in Unarmed Combat
  2515 | D:4      | Reached skill level 1 in Shields
  2527 | D:4      | Found a bloodstained altar of Trog.
  2759 | D:4      | Reached XP level 7. HP: 67/68 MP: 6/6
  2923 | D:5      | Entered Level 5 of the Dungeon
  2944 | D:5      | Reached skill level 7 in Unarmed Combat
  3068 | D:5      | Noticed Eustachio
  3071 | D:5      | Reached XP level 8. HP: 67/78 MP: 7/7
  3077 | D:5      | Killed Eustachio
  3078 | D:5      | Reached skill level 8 in Unarmed Combat
  3353 | D:5      | Found Ulecug's Weapon Shop.
  3473 | D:5      | Noticed Sigmund
  3480 | D:5      | Killed Sigmund
  3481 | D:5      | Reached skill level 9 in Unarmed Combat
  3958 | D:6      | Reached XP level 9. HP: 84/84 MP: 8/8
  4116 | D:6      | Reached skill level 10 in Unarmed Combat
  4263 | D:6      | Noticed Edmund
  4269 | D:6      | Killed Edmund
  4274 | D:6      | Noticed Menkaure
  4283 | D:6      | Killed Menkaure
  4284 | D:6      | Reached skill level 5 in Shields
  4758 | D:6      | Identified the +1 ring mail of Huxu {Dex+6}
  4792 | D:6      | Noticed Maggie
  4805 | D:6      | Killed Maggie
  4941 | D:7      | Reached skill level 11 in Unarmed Combat
  5507 | D:8      | Reached XP level 10. HP: 83/92 MP: 9/9
  5513 | D:8      | Reached skill level 12 in Unarmed Combat
  5611 | D:8      | Noticed a two-headed ogre
  5611 | D:8      | Noticed a two-headed ogre
  5619 | D:8      | Killed a two-headed ogre
  5622 | D:8      | Killed a two-headed ogre
  5623 | D:8      | Reached skill level 13 in Unarmed Combat
  5659 | D:8      | Found the +7 pair of quick blades "Gyre" and "Gimble"
                  | {protect}
  5787 | D:8      | Noticed a two-headed ogre
  5802 | D:8      | Killed a two-headed ogre
  5887 | D:8      | Found a shadowy altar of Dithmenos.
  5887 | D:8      | Found a faded altar of an unknown god.
  5894 | D:8      | Found an ornate altar of the Wu Jian Council.
  5896 | D:8      | Found a blossoming altar of Fedhas.
  5898 | D:8      | Found a burning altar of Makhleb.
  6041 | D:8      | Found Xylitwer's Magic Scroll Shoppe.
  6050 | D:8      | Bought a scroll of fear for 45 gold pieces
  6704 | D:9      | Noticed a two-headed ogre
  6713 | D:9      | Killed a two-headed ogre
  6736 | D:9      | Reached XP level 11. HP: 100/100 MP: 10/10
  6768 | D:9      | Found a staircase to the Lair.
  6768 | D:9      | Noticed Harold
  6834 | D:9      | Noticed a two-headed ogre
  6858 | D:9      | Killed a two-headed ogre
  6859 | D:9      | Reached skill level 14 in Unarmed Combat
  6866 | D:9      | Reached skill level 1 in Throwing
  6901 | D:9      | Killed Harold
  7587 | D:9      | Found a large runed translucent door.
  7587 | D:9      | Found a large runed translucent door.
  7710 | D:9      | Noticed a boulder beetle
  7742 | D:9      | Killed a boulder beetle
  7743 | D:9      | Reached skill level 5 in Fighting
  7933 | D:10     | Entered Level 10 of the Dungeon
  8036 | D:10     | Found a staircase to the Orcish Mines.
  8198 | D:9      | Reached skill level 15 in Unarmed Combat
  8225 | D:10     | Found Ograbioc's Distillery.
  8228 | D:10     | Bought a potion of heal wounds for 75 gold pieces
  8524 | D:10     | Found a transporter.
  8525 | D:10     | Noticed Seraphu's ghost (journeyman VSBr)
  8578 | D:10     | Found a transporter.
  8713 | D:10     | Found a shimmering blue altar of Sif Muna.
  8765 | D:10     | Found a broken altar of Ashenzari.
  8975 | Lair:1   | Entered Level 1 of the Lair of Beasts
  8979 | Lair:1   | Noticed Nergalle
  8992 | Lair:1   | Killed from afar by Nergalle

Illustrated notes

Levels and vault maps discovered:
D:1:      dpeg_arrival_simpleton_a, layout_basic,
          hellmonk_ecumenical_altar_defaced_shrine
D:2:      layout_basic
D:3:      layout_rooms, uniq_grinder
D:4:      layout_cave_pools, good_gods_mini_temple, lightli_temple_of_fire,
          lemuel_temple_firewalk_b, serial_column_ruins, column_ruins_open_tiny,
          column_ruins_corridor_corner, column_ruins_columns_corner,
          column_ruins_open_tiny, column_ruins_columns_dead_end,
          lightli_corner_chamber
D:5:      layout_basic, serial_shops, nicolae_shop_behind_doors, uniq_eustachio,
          uniq_sigmund
D:6:      layout_basic, hangedman_decor_opposing, lexackson_kobold_supper,
          uniq_menkaure, uniq_edmund, uniq_maggie
D:7:      layout_cave_pools, minmay_misc_feat_cross
D:8:      layout_cave_pods, chequers_temple_overflow_minitemple, serial_shops,
          kennysheep_mini, serial_bayou_pond_b,
          hellmonk_guarded_unrand_gyre_and_gimble
D:9:      layout_loops_ring, jmf_multi_god_temple2, erik_lair_island,
          solitary_fountain, uniq_harold
D:10:     layout_basic, lemuel_blue_sif_altar, kennysheep_mini_moat,
          hiddenorc1_lemuel, gammafunk_ghost_berserking_beasts, serial_shops,
          nicolae_stop_n_shop_1
Temple:   compressed_dpeg_circular_temple
Lair:1:   layout_regular_city, uniq_urug, uniq_nergalle

Skill      XL: |  1  2  3  4  5  6  7  8  9 10 11 |
---------------+----------------------------------+-----
Fighting       | 3 4 5 |  5.5
Unarmed Combat | 5 6 7 9 11 13 15 | 15.0
Shields        | 1 2 4 6 7 |  7.6
Throwing       | 3 |  3.5
Dodging        | |  2.8
Stealth        | |  1.3

Action                   |  1- 3 |  4- 6 |  7- 9 | 10-12 || total
-------------------------+-------+-------+-------+-------++-------
Melee: Unarmed           |    61 |    92 |   241 |   280 ||   674
       Punch             |     1 |     1 |       |       ||     2
Throw: Throwing net      |       |       |       |     1 ||     1
Invok: Potion Petition   |       |       |     1 |       ||     1
Evoke: Wand              |       |       |       |     1 ||     1
  Use: Scroll            |       |     8 |       |    13 ||    21
 Stab: Sleeping          |     6 |     1 |     1 |       ||     8
       Distracted        |       |       |     4 |     6 ||    10
       Held in net/web   |       |       |       |     1 ||     1
Armor: Robe              |    13 |    18 |    46 |     1 ||    78
       Steam dragon scal |       |       |       |    40 ||    40
Dodge: Dodged            |    26 |    40 |    63 |    54 ||   183
Block: Kite shield       |       |    14 |    98 |    98 ||   210
